 Dungeon Crawl Stone Soup version 0.32-a0-391-gce5c0aab1b (webtiles) character file.

Game seed: 7699267611003613728

98 tilp the Sneak (level 4, -2/32 HPs)
             Began as a Vampire Enchanter on Feb 19, 2024.
             Slain by Grinder (6 damage)
             ... on level 3 of the Dungeon.
             The game lasted 00:03:11 (2308 turns).

tilp the Sneak (Vampire Enchanter)                  Turns: 2308, Time: 00:03:12

Health: -2/32      AC:  6    Str:  7    XL:     4   Next: 44%
Magic:  2/7        EV: 12    Int: 19    God:
Gold:   157        SH:  0    Dex: 14    Spells: 2/7 levels left

rFire   . . .        a - +1 dagger
rCold   . . .        p - orb {guile}
rNeg    . . .        b - +0 robe
rPois   .            (no helmet)
rElec   .            (no cloak)
rCorr   .            m - +1 pair of gloves
SInv    +            k - +1 pair of boots
Will    .....        (no amulet)
Stlth   +++          l - ring of willpower
HPRegen 0.45/turn    (no ring)
MPRegen 0.10/turn

%: no passive effects
@: healing quickly
A: alive, fangs 3, see invisible, vampiric 2
a: Exsanguinate


You were on level 3 of the Dungeon.
You visited 1 branch of the dungeon, and saw 3 of its levels.

You collected 157 gold pieces.

Inventory:

Hand Weapons
 a - a +1 dagger (weapon)
Missiles
 j - 6 boomerangs (quivered)
Armour
 b - a +0 robe (worn)
 k - a +1 pair of boots (worn)
 m - a +1 pair of gloves (worn)
 p - an orb of guile (worn)
Jewellery
 l - a ring of willpower (left hand)
Scrolls
 d - 2 scrolls of silence {unknown}
 e - 4 scrolls of teleportation {unknown}
 g - a scroll of revelation {unknown}
 h - 2 scrolls of noise {unknown}
 i - 2 scrolls of identify {unknown}
 n - a scroll of blinking {unknown}
 t - a scroll of poison {unknown}
 u - a scroll of torment {unknown}
Potions
 c - 3 potions of invisibility
 f - a potion of degeneration {unknown}
 o - a potion of resistance {unknown}
 q - 2 potions of heal wounds {unknown}
 r - a potion of mutation {unknown}
 s - a potion of magic {unknown}
 v - a potion of might {unknown}


   Skills:
 * Level 1.5 Fighting
 * Level 2.2 Short Blades
 + Level 2.7 Dodging
 + Level 5.1 Stealth
 + Level 2.3 Spellcasting
 + Level 4.9 Hexes
 + Level 0.6 Ice Magic


You had 2 spell levels left.
You knew the following spells:

 Your Spells              Type           Power      Damage    Failure   Level
a - Ensorcelled Hibernat  Hex/Ice        24%        N/A       8%          2
b - Confusing Touch       Hex            21%        N/A       6%          3

Your spell library contained the following spells:

 Spells                   Type           Power      Damage    Failure   Level
 Mercury Vapours          Alch/Air       4%         N/A       26%         2
 Tukima's Dance           Hex            21%        N/A       6%          3
 Dazzling Flash           Conj/Hex       22%        N/A       19%         3
 Mephitic Cloud           Conj/Alch/Air  2%         N/A       45%         3
 Freezing Cloud           Conj/Ice/Air   1%         6-21      99%         5


Dungeon Overview and Level Annotations

Branches:
Dungeon (3/15)

Altars:
Gozag

Shops:
D:1 ((

Annotations:
D:3 Grinder


Innate Abilities, Weirdness & Mutations

Your natural rate of healing is accelerated.
You have razor-sharp teeth.
You have supernaturally acute eyesight. (SInv)
You are afflicted with vampirism and can become a bat while bloodless.


Message History

Nothing appears to happen.
Grinder hits you.
You writhe in agony.
Unknown command.
You closely miss Grinder.
Grinder is lightly wounded.
Grinder hits you!
* * * LOW HITPOINT WARNING * * *
You writhe in agony.
* * * LOW HITPOINT WARNING * * *
Unknown command.
Casting: Confusing Touch (dangerous; 6% risk of failure)
Confirm with . or Enter, or press ? or * to list all spells.
Your hands begin to glow red.
Grinder barely misses you.
Unknown command.
You hit Grinder but do no damage.
Grinder appears confused.
Grinder is lightly wounded.
An adder comes into view.
Grinder barely misses you.
Grinder hits herself.
You strike the helpless Grinder from behind!
You puncture Grinder!
Grinder is severely wounded.
The adder hisses angrily.
You hit Grinder. Your bite misses Grinder.
Grinder is severely wounded.
Grinder closely misses you.
Your magical contamination has completely faded away.
You hit Grinder. Your bite misses Grinder.
Grinder is severely wounded.
Grinder hits you.
* * * LOW HITPOINT WARNING * * *
You writhe in agony.
* * * LOW HITPOINT WARNING * * *
Grinder hits herself.
You hit Grinder.
Grinder is almost dead.
You hit Grinder but do no damage.
Grinder is almost dead.
You hit Grinder but do no damage.
Grinder is almost dead.
Grinder hits you.
You die...

#...# # #...# #
#...# # #...# #
#...# #
#...#####.#
########.......#
.........#####.#
.#####.@## #5.#
#..# #..# #..#
#### ..S. ....


You could see Grinder (confused) and an adder.

Vanquished Creatures
  An adder (D:3)
  A dart slug (D:1)
  6 ball pythons
  8 bats
  5 endoplasms
  A hobgoblin (D:2)
  4 jackals (D:1)
  3 quokkas (D:1)
  4 frilled lizards
  4 goblins
  9 kobolds
  4 rats
50 creatures vanquished.

Notes
Turn   | Place    | Note
-------+----------+-------------------------------------------
     0 | D:1      | tilp the Vampire Enchanter began the quest for the Orb.
     0 | D:1      | Reached XP level 1. HP: 13/13 MP: 3/3
   159 | D:1      | Found Cainn's Weapon Boutique.
   183 | D:1      | Reached XP level 2. HP: 15/20 MP: 5/5
   200 | D:1      | Learned a level 2 spell: Ensorcelled Hibernation
   320 | D:1      | Gained mutation: You are afflicted with vampirism and can
                  | become a bat while bloodless. [Vampire growth]
   320 | D:1      | Reached XP level 3. HP: 13/25 MP: 6/6
   323 | D:1      | Reached skill level 1 in Fighting
   366 | D:1      | Learned a level 3 spell: Confusing Touch
   962 | D:1      | Found Haem Pesm's Antique Weapon Shoppe.
  1373 | D:2      | Found a faded altar of an unknown god.
  1478 | D:2      | Found an opulent altar of Gozag.
  1534 | D:2      | Reached XP level 4. HP: 32/32 MP: 7/7
  1915 | D:2      | Reached skill level 5 in Stealth
  2289 | D:3      | Noticed Grinder
  2308 | D:3      | Slain by Grinder

Illustrated notes

Levels and vault maps discovered:
D:1:      dpeg_arrival_court, layout_loops_ring, serial_shops, shop, shop,
          minmay_misc_feat_more_columns, minmay_vboxes
D:2:      layout_basic, hellmonk_ecumenical_altar_run_dry, basic_altar,
          minmay_goblin_kobold_house
D:3:      layout_loops_ring, serial_co_window_serial,
          co_window_of_opportunity_a, co_window_cross_1, co_window_paths_b,
          co_window_corner_a, co_window_cross_1, co_window_corner_a,
          co_window_broadway_b, co_window_cross_2, co_window_of_opportunity_c,
          co_window_cross_2, co_window_broadway_c, co_window_paths_e,
          glass_columns_c, uniq_grinder

Skill      XL: |  1  2  3  4 |
---------------+-------------+-----
Fighting       | 1 |  1.5
Short Blades   | 2 |  2.2
Stealth        | 5 |  5.1
Dodging        | |  2.7
Spellcasting   | |  2.3
Hexes          | |  4.9
Ice Magic      | |  0.6

Action                     |  1- 3 |  4- 6 || total
---------------------------+-------+-------++-------
  Melee: Dagger            |    80 |    42 ||   122
         Bite              |     5 |       ||     5
   Cast: Ensorcelled Hiber |     8 |     3 ||    11
         Confusing Touch   |       |     1 ||     1
   Stab: Sleeping          |    13 |     6 ||    19
         Distracted        |     1 |       ||     1
         Confused          |       |     1 ||     1
 Armour: Robe              |    40 |    21 ||    61
  Dodge: Dodged            |    50 |    18 ||    68

Table legend: (Time is in decaauts)
 A = Elapsed time spent in this place.
 B = Non-inter-level travel time spent in this place.
 C = Inter-level travel time spent in this place.
 D = Time resting spent in this place.
 E = Time spent auto-exploring this place.
 F = Levels seen in this place.
 G = Mean time per level.
                   A        B        C        D        E       F      G
               +--------+--------+--------+--------+--------+-----+--------+
         Total |   2296 |   2107 |    189 |    151 |   1562 |   3 |  765.3 |
       Dungeon |   2296 |   2107 |    189 |    151 |   1562 |   3 |  765.3 |
               +--------+--------+--------+--------+--------+-----+--------+

Top non-repeatable levels by time:
     D:1: 1114 daAuts
     D:2: 809 daAuts
     D:3: 371 daAuts
